Map: Pendiente de Agustín EE

Players

ZeratuL

  • Race: Terran Terran
  • Spawn Location: 6:00

pit

  • Race: Terran Terran
  • Spawn Location: 6:00

CjVB

  • Race: Terran Terran
  • Spawn Location: 5:00

MrFercho - Winner!

  • Race: Zerg Zerg
  • Spawn Location: 11:00

TATORREA - Winner!

  • Race: Protoss Protoss
  • League: Silver
  • Spawn Location: 12:00

tigro - Winner!

  • Race: Terran Terran
  • League: Bronze
  • Spawn Location: 12:00

VOD

Have the link to the VOD?

Description

Time

  • Played on: June 10, 2020, 9:49 p.m.
  • Length: 18:13
Show
View Real Time Build Order
Export as new Build Order

ZeratuL Terran 

Build Orders:  

Get SALT Encoding   

  12  0:02  SCV  
  13  0:13  Supply Depot  
  13  0:18  SCV  
  14  0:30  SCV  
  15  0:40  Refinery  
  15  0:42  Barracks  
  15  0:45  SCV  
  16  0:57  SCV  
  17  1:07  Refinery  
  17  1:09  SCV  
  18  1:21  SCV  
  19  1:31  Supply Depot  
  19  1:33  Barracks Reactor, SCV  
  20  1:46  SCV  
  21  2:00  Factory  
  21  2:01  Orbital Command  
  21  2:31  Marine  
  21  2:32  Marine  
  23  2:44  Supply Depot  
  23  2:51  SCV, Command Center  
  23  2:55  Marine x2  
  26  2:59  Factory Tech Lab  
  26  3:03  SCV  
  27  3:08  Starport  
  27  3:15  SCV  
  28  3:24  Siege Tank  
  31  3:28  SCV  
  32  3:40  SCV  
  33  3:51  Medivac  
  33  3:52  SCV  
  33  3:54  Marine x2  
  38  4:02  Supply Depot  
  38  4:03  Siege Tank  
  38  4:04  SCV  
  42  4:15  Barracks  
  42  4:16  SCV  
  43  4:21  Medivac  
  45  4:28  SCV  
  46  4:57  Marine x2  
  48  5:02  Siege Tank  
  48  5:05  Liberator  
  54  5:14  Marine  
  54  5:15  Marine  
  52  5:32  Marine x2  
  52  5:34  Siege Tank  
  57  5:50  Marine x2  
  56  6:25  SCV  
  56  6:27  SCV  
  58  6:34  Refinery  
  58  6:38  SCV  
  58  6:39  SCV  
  60  6:43  Barracks  
  60  6:50  SCV, Starport  
  60  6:51  SCV  
  62  6:56  Starport  
  62  7:10  Supply Depot  
  62  7:15  Supply Depot  
  62  7:22  SCV x2  
  62  7:33  Supply Depot  
  62  7:34  SCV x2  
  64  7:38  Supply Depot  
  64  7:46  SCV x2  
  66  7:52  Viking x2  
  66  7:53  Viking  
  66  7:56  Supply Depot  
  66  7:58  SCV x2  
  74  8:01  Supply Depot  
  74  8:07  Marine x3  
  74  8:10  SCV x2  
  79  8:22  SCV x2, Viking x2  
  79  8:23  Viking  
  79  8:24  Armory  
  79  8:25  Marine x3  
  90  8:34  SCV x2  
  90  8:40  Refinery  
  92  8:43  Marine x3  
  95  8:52  Viking  
  97  8:56  Starport Tech Lab  
  97  8:57  Starport Tech Lab  
  97  9:05  Starport  
  97  9:51  Viking x3  
  97  9:52  Viking  
  105  10:21  Viking x2  
  109  11:06  Viking  
  109  11:07  Viking  
  109  11:08  Viking  
  109  11:09  Viking  
  105  11:18  Fusion Core  
  105  11:26  Orbital Command  
  105  11:36  Viking  
  105  11:37  Viking  
  109  11:58  Starport Tech Lab  
  109  11:59  Starport Tech Lab  
  109  12:05  Starport  
  109  12:12  Starport  
  97  12:50  Starport  
  97  12:51  Starport Tech Lab  
  97  13:01  Viking x3, Battlecruiser  
  109  14:02  Starport Tech Lab  
  109  14:08  Viking, Battlecruiser  
  118  14:31  Battlecruiser  
  114  15:01  Command Center  
  114  15:03  Command Center  
  114  15:14  Marine x4  
  118  15:24  Weapon Refit  
  118  15:35  Engineering Bay  
  118  15:45  Marine  
  118  16:01  Marine x3  
  118  16:03  Battlecruiser, Marine  
  113  16:07  Battlecruiser  
  113  16:08  Battlecruiser  
  104  16:19  Marine x3  
  104  16:21  Marine  
  108  16:36  Marine x3  
  91  16:54  Marine x2  
Show
View Real Time Build Order
Export as new Build Order

pit Terran 

Build Orders:  

Get SALT Encoding   

  12  0:05  SCV  
  13  0:18  SCV  
  14  0:32  Supply Depot  
  14  0:37  SCV  
  15  0:54  SCV  
  16  0:59  Barracks  
  16  1:06  SCV  
  16  1:10  Supply Depot  
  17  1:18  SCV  
  18  1:21  Barracks  
  18  1:29  Refinery  
  18  1:31  SCV  
  19  1:43  SCV  
  20  1:51  Marine  
  21  2:00  SCV  
  22  2:08  Marine  
  22  2:12  SCV  
  24  2:23  Barracks Reactor, Command Center  
  24  2:25  SCV  
  24  2:26  Marine  
  27  2:37  SCV  
  27  2:40  Supply Depot  
  27  2:44  Marine  
  27  2:49  Refinery  
  28  3:02  Marine  
  29  3:08  Engineering Bay, Marine x2  
  31  3:20  Marine  
  31  3:26  Marine x2  
  34  3:30  Factory  
  34  3:36  SCV  
  34  3:38  Marine  
  36  3:43  SCV  
  36  3:46  Marine  
  38  3:48  SCV, Marine  
  40  3:55  SCV, Marine  
  40  3:56  Terran Infantry Weapons Level 1  
  40  4:00  SCV  
  43  4:08  Marine  
  44  4:12  SCV  
  44  4:13  Marine  
  46  4:24  SCV  
  46  4:27  Starport  
  46  4:29  Factory Tech Lab  
  47  4:37  SCV  
  48  4:41  Marine  
  48  4:42  Marine x2  
  51  5:05  Marine x3  
  54  5:12  Starport Reactor  
  54  5:24  Marine  
  54  5:25  Marine  
  54  5:26  Marine  
  51  5:42  Marine x2  
  52  5:43  Marine  
  54  5:50  Terran Infantry Armor Level 1  
  54  6:05  Marine x3  
  48  6:23  Medivac, Marine x3  
  53  6:30  SCV  
  54  6:42  Starport  
  54  6:51  Supply Depot  
  54  7:00  Supply Depot  
  54  7:05  Armory, Orbital Command  
  54  7:12  SCV, Medivac x2, Marine x3  
  54  7:14  Supply Depot  
  62  7:24  SCV  
  63  7:30  Marine x2  
  63  7:37  SCV  
  66  7:39  Marine  
  66  7:42  Medivac  
  69  7:48  Marine x2  
  69  7:49  SCV  
  69  7:51  Viking  
  74  7:56  Siege Tank  
  74  7:57  Marine  
  78  8:04  Refinery  
  78  8:08  Refinery  
  78  8:11  Supply Depot  
  78  8:19  Supply Depot  
  78  8:32  SCV, Marine x3, Siege Tank  
  85  8:34  Supply Depot  
  85  8:40  Viking  
  87  8:44  SCV  
  88  8:50  Marine x3  
  88  8:55  Terran Vehicle Weapons Level 1  
  91  8:56  SCV  
  92  9:08  Marine x3  
  92  9:09  SCV  
  96  9:10  Viking  
  98  9:21  SCV  
  98  9:23  Siege Tank  
  102  9:34  Supply Depot  
  102  9:41  Supply Depot  
  102  9:55  Marine x3  
  102  9:56  Viking  
  102  9:57  Supply Depot  
  107  10:00  Viking  
  107  10:03  Viking  
  107  10:05  Supply Depot  
  111  10:13  Marine x3  
  114  10:26  Viking  
  116  10:30  Viking  
  116  10:31  Marine x3  
  116  10:34  Bunker  
  121  10:36  Bunker  
  121  10:49  Terran Vehicle And Ship Armor Level 1, Marine x3  
  124  11:07  Marine x3  
  122  11:23  Siege Tank  
  122  11:24  Marine  
  122  11:25  Marine x2  
  103  11:42  Marine x3  
  106  11:55  Siege Tank  
  106  11:57  SCV  
  106  12:00  Marine x3  
  113  12:07  Supply Depot  
  113  12:09  SCV  
  114  12:18  Marine x3  
  114  12:21  SCV  
  118  12:23  Command Center  
  118  12:24  Medivac x2  
  118  12:26  Medivac  
  118  12:27  Siege Tank  
  127  12:33  SCV  
  127  12:36  Marine  
  129  12:45  SCV  
  129  12:49  Marine x2  
  132  12:54  Viking x2, Marine  
  132  12:56  Medivac  
  139  12:59  Siege Tank  
  142  13:23  Supply Depot  
  142  13:34  Marine x3  
  142  13:35  Viking x2, Siege Tank  
  142  13:38  Missile Turret  
  142  13:41  Missile Turret  
  152  13:43  Missile Turret  
  152  13:45  Supply Depot  
  152  13:47  Missile Turret  
  152  13:50  SCV, Barracks  
  152  13:52  Marine x3  
  156  13:58  SCV  
  156  14:02  SCV  
  158  14:10  SCV, Marine x3  
  158  14:11  Missile Turret  
  158  14:15  Missile Turret  
  162  14:22  SCV  
  163  14:34  SCV  
  163  14:37  Missile Turret  
  162  14:46  SCV  
  163  14:57  Missile Turret  
  163  14:58  SCV  
  164  15:02  Marine  
  165  15:09  Marine x3  
  165  15:11  SCV  
  165  15:12  Siege Tank  
  172  15:20  Marine  
  173  15:23  SCV  
  173  15:42  SCV  
  173  15:49  Marine  
  166  16:22  Missile Turret, Marine x2  
  166  16:23  Missile Turret  
  158  16:26  Missile Turret  
  158  16:27  Viking, Marine x2  
  158  16:28  Siege Tank  
  109  16:40  Marine x2  
  109  16:44  Marine x2  
  113  16:58  Marine  
  113  17:00  Siege Tank  
  117  17:02  Marine x2  
  96  17:16  Marine  
  96  17:17  Bunker  
  96  17:20  Marine x2  
  86  17:32  Siege Tank  
  86  17:34  Marine  
  85  17:38  Marine x2  
  75  17:44  Missile Turret  
  75  17:45  Missile Turret  
Show
View Real Time Build Order
Export as new Build Order

CjVB Terran 

Build Orders:  

Get SALT Encoding   

  12  0:03  SCV  
  13  0:16  SCV  
  13  0:20  Supply Depot  
  14  0:30  SCV  
  14  0:33  Refinery  
  15  0:47  Barracks  
  15  0:52  Refinery  
  15  1:00  Supply Depot  
  15  1:04  SCV  
  16  1:22  SCV  
  17  1:40  Barracks Reactor  
  17  1:51  Factory  
  17  2:09  Command Center  
  17  2:23  Orbital Command  
  17  2:29  Marine  
  18  2:36  Factory Tech Lab  
  18  2:54  SCV  
  19  3:08  Starport, Siege Tank  
  22  3:17  SCV  
  23  3:21  Marine  
  23  3:24  Marine  
  25  3:29  SCV  
  25  3:31  Orbital Command  
  26  3:38  Marine  
  27  3:43  Siege Tank  
  27  3:48  Starport Tech Lab  
  30  3:56  SCV x2  
  30  4:01  Refinery  
  32  4:03  Marine  
  32  4:09  Viking  
  35  4:15  Marine  
  36  4:31  Marine  
  37  4:32  Marine  
  38  5:05  Marine, Siege Tank  
  38  5:06  Marine  
  43  5:14  Barracks  
  42  5:37  Marine x2  
  42  5:39  Viking  
  46  6:07  Siege Tank  
  45  6:19  Barracks Tech Lab  
  45  6:27  SCV, Engineering Bay  
  46  6:40  Supply Depot  
  46  6:45  Supply Depot  
  46  6:59  Command Center  
  46  7:01  Viking, Marine x2  
  46  7:02  SCV x2  
  46  7:03  Supply Depot  
  46  7:08  Supply Depot  
  52  7:10  Missile Turret  
  52  7:14  SCV x2  
  51  7:19  Marine  
  45  7:30  Missile Turret  
  45  7:31  SCV  
  46  7:43  SCV  
  47  7:46  Stimpack  
  47  7:51  Supply Depot, Missile Turret  
  47  7:55  SCV  
  48  7:59  Armory, Marine x2  
  48  8:05  SCV  
  51  8:07  SCV  
  52  8:13  Orbital Command  
  52  8:17  SCV  
  52  8:19  SCV, Refinery  
  54  8:29  SCV, Refinery  
  54  8:34  Barracks  
  55  8:35  Siege Tank  
  58  8:41  SCV, Starport  
  59  8:53  SCV  
  60  9:05  SCV  
  59  9:26  SCV  
  59  9:28  SCV x2  
  62  9:37  Bunker  
  62  9:38  SCV  
  62  9:40  SCV x2, Siege Tank  
  68  9:49  Factory  
  68  9:51  SCV  
  68  9:52  SCV  
  70  9:53  SCV  
  71  10:01  Factory  
  71  10:02  Terran Infantry Weapons Level 1  
  71  10:03  SCV  
  71  10:04  Fusion Core  
  70  10:12  Siege Tank  
  52  10:51  Marine x3  
  52  10:57  Command Center  
  55  11:15  Bunker  
  55  11:21  Marine  
  55  11:23  Command Center  
  56  11:40  Engineering Bay  
  56  12:14  Command Center  
  51  12:37  Command Center  
  51  13:22  SCV x2  
  53  13:34  SCV x2  
  55  13:36  Siege Tank  
  58  13:46  SCV x2  
  60  13:51  Orbital Command  
  60  13:58  SCV x2  
  62  14:10  SCV  
  63  14:18  Bunker  
  63  14:26  SCV  
  64  14:39  SCV, Supply Depot  
  65  14:45  Supply Depot  
  65  14:51  SCV  
  66  14:53  Refinery  
  66  15:02  Supply Depot  
  66  15:03  SCV  
  67  15:12  Siege Tank  
  67  15:13  Viking x2  
  74  15:15  SCV, Marine x3  
  56  15:43  Viking  
  56  15:44  Siege Tank  
  57  15:53  Barracks  
  47  16:34  Barracks  
  47  16:38  Marine x3  
  39  16:56  Marine  
Show
View Real Time Build Order
Export as new Build Order

MrFercho Zerg - Winner!

Build Orders: Hatch First 

Get SALT Encoding   

  12  0:01  Drone  
  13  0:13  Overlord  
  13  0:19  Drone  
  14  0:46  Drone  
  15  0:52  Hatchery  
  14  1:09  Spawning Pool  
  13  1:12  Drone x3  
  16  1:23  Drone  
  17  1:34  Drone  
  18  1:44  Drone  
  19  1:51  Extractor  
  18  1:57  Queen  
  20  2:04  Queen  
  20  2:05  Overlord x2  
  22  2:18  Drone  
  23  2:24  Zergling x2  
  23  2:25  Zergling x2  
  25  2:39  Drone x2  
  27  2:45  Drone x2  
  29  2:59  Drone x3  
  32  3:07  Drone x4  
  32  3:09  Drone  
  32  3:12  Drone  
  38  3:13  Drone x2  
  38  3:18  Drone  
  42  3:20  Drone  
  42  3:27  Evolution Chamber  
  42  3:28  Drone  
  42  3:30  Drone  
  43  3:37  Drone, Baneling Nest  
  43  3:43  Lair  
  43  3:50  Drone x2, Extractor  
  43  3:51  Overlord x3  
  43  3:52  Overlord, Extractor  
  43  3:54  Drone  
  44  4:09  Drone x3  
  47  4:27  Hatchery, Metabolic Boost  
  46  4:47  Drone x3  
  46  4:48  Drone x5  
  54  5:00  Baneling x4  
  54  5:17  Spine Crawler  
  54  5:20  Zergling x2  
  54  5:21  Zergling x8  
  56  5:36  Zergling x2  
  56  5:37  Zergling x4  
  59  5:45  Spine Crawler  
  58  5:50  Baneling x2  
  58  5:51  Baneling x6  
  52  6:14  Zergling x12  
  58  6:19  Centrifical Hooks  
  58  6:22  Zerg Ground Armor Level 1  
  58  6:29  Hydralisk Den  
  57  6:34  Spire  
  56  6:41  Evolution Chamber, Drone  
  56  6:42  Drone x4  
  60  6:47  Queen  
  60  6:53  Overlord x2  
  60  6:54  Overlord  
  62  7:08  Hydralisk  
  62  7:09  Hydralisk x5  
  73  7:31  Overseer  
  73  7:48  Zerg Flyer Weapons Level 1  
  73  7:50  Grooved Spines  
  73  7:54  Drone x3  
  76  8:04  Drone x3, Extractor  
  78  8:17  Infestation Pit  
  78  8:19  Zerg Melee Weapons Level 1  
  77  8:20  Zerg Missile Weapons Level 1  
  77  8:24  Drone x2  
  79  8:29  Drone x13  
  92  8:35  Extractor x2  
  90  9:01  Muscular Augments  
  90  9:05  Hydralisk x4  
  90  9:09  Overlord x4  
  92  9:41  Zergling x14  
  99  9:56  Hatchery  
  98  10:14  Drone x7  
  98  10:15  Drone x2  
  98  10:20  Baneling  
  107  10:24  Baneling  
  107  10:25  Baneling x12  
  107  10:55  Mutalisk x11  
  129  11:06  Spine Crawler  
  129  11:09  Spine Crawler  
  127  11:16  Zerg Ground Armor Level 2, Zerg Missile Weapons Level 2  
  124  12:03  Hydralisk x5  
  124  12:06  Overlord x2  
  124  12:07  Overlord x5  
  124  12:08  Overlord  
  134  12:13  Extractor  
  134  12:15  Extractor  
  132  12:20  Burrow  
  119  13:00  Drone x10  
  119  13:02  Drone  
  119  13:03  Drone x5  
  119  13:04  Drone x3  
  119  13:05  Drone x2  
  140  13:06  Drone  
  141  13:30  Queen  
  141  13:33  Hatchery  
  142  13:35  Hatchery  
  141  13:41  Hydralisk  
  141  13:42  Hydralisk x14  
  171  13:57  Zerg Flyer Weapons Level 2  
  171  14:06  Spire  
  170  14:11  Hive  
  158  14:42  Mutalisk x9  
  166  15:14  Hydralisk x8  
  166  15:15  Hydralisk x9  
  200  15:28  Extractor  
  199  15:32  Extractor  
  169  16:58  Hydralisk x18  
  159  17:15  Mutalisk  
  159  17:16  Mutalisk x5  
  133  17:38  Mutalisk x9  
  133  17:39  Mutalisk x3  
Show
View Real Time Build Order
Export as new Build Order

TATORREA Protoss - Winner!

Build Orders:  

Get SALT Encoding   

  12  0:02  Probe  
  13  0:17  Probe  
  14  0:25  Probe  
  14  0:26  Pylon  
  15  0:44  Probe  
  16  0:50  Gateway  
  16  0:54  Gateway  
  16  1:01  Probe  
  17  1:10  Assimilator  
  17  1:22  Probe  
  18  1:36  Pylon  
  18  1:39  Probe  
  19  1:53  Nexus  
  19  1:58  Cybernetics Core  
  19  2:04  Probe  
  20  2:13  Assimilator  
  20  2:16  Probe  
  21  2:24  Warp Gate  
  21  2:28  Probe  
  22  2:41  Stalker  
  22  2:42  Probe  
  23  2:49  Stalker  
  27  3:00  Probe  
  28  3:11  Pylon  
  28  3:12  Probe x2  
  30  3:15  Pylon  
  30  3:19  Pylon  
  30  3:23  Pylon  
  30  3:29  Stalker x2  
  34  3:39  Probe x2  
  36  3:46  Twilight Council  
  36  3:51  Probe x2  
  38  4:00  Stalker x2  
  42  4:03  Probe  
  42  4:04  Probe  
  44  4:24  Probe  
  44  4:25  Probe  
  46  4:33  Charge  
  46  4:34  Assimilator  
  46  4:36  Assimilator  
  46  4:37  Probe x2  
  48  4:43  Stargate  
  48  4:46  Stargate  
  48  4:49  Probe x2  
  50  4:53  Zealot x2  
  54  5:15  Zealot x2  
  54  5:18  Probe x2  
  44  5:30  Probe x2  
  46  5:46  Oracle  
  46  5:47  Oracle  
  52  5:50  Zealot  
  52  5:51  Zealot  
  52  5:54  Probe x2  
  58  6:03  Gateway  
  58  6:06  Gateway  
  58  6:08  Gateway  
  58  6:11  Gateway  
  58  6:13  Gateway  
  58  6:15  Blink, Gateway  
  58  6:36  Nexus  
  58  6:39  Pylon  
  58  6:42  Probe x2, Pylon  
  58  6:46  Pylon  
  60  6:50  Pylon  
  60  6:54  Probe x2  
  62  7:06  Probe x2  
  64  7:18  Probe  
  62  7:46  Stalker  
  62  7:47  Stalker x3  
  62  7:48  Stalker x4  
  78  7:52  Void Ray x2  
  78  7:55  Probe  
  78  7:56  Probe  
  88  8:00  Probe  
  89  8:08  Probe x2  
  89  8:12  Probe  
  92  8:14  Forge  
  92  8:15  Forge  
  92  8:17  Forge  
  92  8:19  Cybernetics Core  
  92  8:26  Probe x3  
  95  8:27  Assimilator  
  95  8:30  Zealot  
  95  8:31  Zealot x4, Assimilator  
  95  8:32  Zealot x3  
  111  9:01  Protoss Ground Weapons Level 1  
  111  9:02  Protoss Ground Armor Level 1  
  108  9:03  Protoss Shields Level 1  
  108  9:06  Stalker x4  
  108  9:07  Stalker x3  
  108  9:08  Stalker  
  124  9:19  Protoss Air Weapons Level 1  
  124  9:21  Protoss Air Armor Level 1  
  124  9:43  Pylon  
  124  9:46  Pylon  
  124  9:54  Pylon  
  124  10:00  Void Ray x2, Pylon  
  124  10:03  Pylon  
  126  10:07  Pylon  
  72  10:42  Stalker x2  
  72  10:43  Void Ray x2, Stalker x2  
  72  10:44  Stalker x4  
  79  11:21  Probe x2  
  79  11:22  Probe  
  79  11:23  Protoss Ground Weapons Level 2  
  79  11:25  Protoss Shields Level 2  
  82  11:26  Protoss Ground Armor Level 2  
  82  11:33  Probe  
  82  11:34  Probe x2  
  85  11:44  Zealot x3  
  85  11:45  Zealot x4  
  85  11:46  Probe x3, Zealot  
  104  12:11  Assimilator  
  104  12:12  Probe  
  104  12:13  Probe x2  
  107  12:24  Probe  
  107  12:25  Probe x2  
  110  12:37  Probe x3  
  111  12:49  Probe x3  
  114  13:01  Probe x2  
  116  13:18  Probe  
  116  13:19  Probe x2  
  119  13:24  Stalker x2  
  119  13:25  Stalker x4  
  119  13:26  Stalker x2  
  135  13:38  Fleet Beacon  
  135  13:40  Robotics Facility  
  135  13:49  Probe  
  135  13:55  Stalker x3  
  140  13:56  Stalker x4  
  140  13:57  Stalker  
  152  14:07  Protoss Ground Weapons Level 3  
  152  14:08  Pylon  
  152  14:10  Protoss Ground Armor Level 3  
  152  14:11  Pylon  
  152  14:15  Pylon  
  152  14:18  Protoss Shields Level 3  
  152  14:22  Pylon  
  152  14:24  Flux Vanes  
  152  14:50  Protoss Air Weapons Level 2  
  152  14:52  Protoss Air Armor Level 2  
  152  14:56  Robotics Bay  
Show
View Real Time Build Order
Export as new Build Order

tigro Terran - Winner!

Build Orders:  

Get SALT Encoding   

  12  0:02  SCV  
  13  0:14  SCV  
  14  0:29  SCV  
  14  0:32  Supply Depot  
  15  0:54  SCV  
  16  1:01  Barracks  
  16  1:07  Refinery  
  16  1:14  Refinery  
  16  1:15  SCV  
  17  1:27  SCV  
  17  1:31  Supply Depot  
  18  1:39  SCV  
  19  1:51  SCV  
  20  1:54  Marine  
  21  2:04  SCV, Barracks  
  22  2:12  Marine  
  23  2:16  SCV  
  23  2:18  Engineering Bay  
  24  2:28  SCV  
  25  2:30  Marine  
  26  2:40  SCV  
  27  2:47  Marine  
  27  2:49  Factory  
  28  2:53  Barracks Tech Lab  
  28  3:05  Marine  
  29  3:23  Command Center  
  29  3:24  Barracks Tech Lab  
  29  3:27  Orbital Command  
  29  3:29  Combat Shield  
  29  3:34  Terran Infantry Weapons Level 1  
  29  3:42  Factory Tech Lab  
  29  3:49  Stimpack  
  29  4:12  Starport  
  29  4:25  Siege Tank  
  32  4:37  Refinery  
  32  4:38  SCV  
  33  4:48  Concussive Shells  
  33  4:50  SCV  
  34  4:59  Marine x2  
  35  5:02  SCV  
  37  5:15  SCV  
  37  5:17  Marine x2  
  40  5:27  SCV  
  41  5:29  Terran Infantry Armor Level 1  
  41  5:35  Marine x2  
  43  5:50  Refinery  
  43  5:51  Medivac  
  43  5:53  Marine x2  
  47  6:02  Armory  
  47  6:10  Marine  
  47  6:11  Marine  
  49  6:21  Medivac  
  49  6:24  Siege Tank  
  54  6:39  Marine x2  
  56  6:51  Medivac  
  58  6:55  Planetary Fortress  
  58  6:56  Marine, Siege Tank  
  62  7:16  Supply Depot  
  62  7:23  Fusion Core, Neosteel Armor  
  62  7:37  Marine  
  62  7:40  Supply Depot  
  63  7:57  Starport Tech Lab  
  63  8:18  Weapon Refit  
  63  9:02  Terran Infantry Weapons Level 2  
  63  9:03  Missile Turret  
  63  9:22  Battlecruiser  
  69  9:26  Missile Turret  
  69  9:35  Command Center  
  69  9:38  SCV  
  70  9:51  SCV  
  71  9:58  Rapid Reignition System  
  71  10:03  SCV  
  71  10:05  Missile Turret  
  72  10:15  SCV  
  73  10:27  SCV  
  74  10:29  Missile Turret  
  74  10:37  Battlecruiser  
  61  10:52  Missile Turret  
  60  11:09  Marine x2  
  62  11:18  Terran Infantry Armor Level 2  
  56  11:19  Missile Turret  
  56  11:26  Marine  
  56  11:27  Marine, Thor  
  64  11:41  Banshee  
  64  11:43  Missile Turret  
  64  11:44  Marine x2  
  69  12:02  Marine x2  
  71  12:10  Thor  
  77  12:20  Marine x2  
  79  12:24  Battlecruiser  
  85  12:38  Marine x2  
  87  12:53  Thor  
  93  13:03  SCV, Marine x2  
  96  13:15  SCV  
  97  13:21  Marine x2  
  97  13:22  Terran Vehicle And Ship Armor Level 1  
  99  13:27  SCV  
  99  13:28  Battlecruiser  
  106  13:34  Hi-Sec Auto Tracking  
  106  13:39  SCV, Marine  
  108  13:52  SCV  
  109  14:00  Refinery  
  109  14:10  Supply Depot  
  109  14:31  Terran Infantry Weapons Level 3, Thor  
  109  14:32  Supply Depot  
  115  14:45  Battlecruiser  
  121  15:01  Refinery  
  121  15:16  Terran Vehicle Weapons Level 1  
  121  15:49  Battlecruiser  
  127  15:54  Thor  
  133  17:27  Marine x2  
  121  17:45  Marine x2  
Tags
 
Add a new tag
Caveats
  • Supply blocks, unpowered buildings, or Contaminate may cause inaccurate times.
  • Supply counts are checked every 10 seconds.